 Dungeon Sprint DCSS version 0.19-a0-996-g3cba913 (webtiles) character file.

49 Groucho the Scratcher (level 3, 0/18 HPs)
             Began as a Felid Fighter on July 17, 2016.
             Was an Initiate of Makhleb.
             Slain by a wraith (12 damage)
             ... in the Dungeon (Sprint IX: "|||||||||||||||||||||||||||||").
             The game lasted 00:00:47 (108 turns).

Groucho the Scratcher (Felid Fighter)                Turns: 108, Time: 00:00:47

Health: 0/18       AC:  1    Str: 16    XL:     3   Next: 51%
Magic:  4/4        EV: 22    Int:  9    God:    Makhleb [......]
Gold:   0          SH:  0    Dex: 15    Spells: 0 memorised, 2 levels left
                                        Lives:  0   Deaths: 0

rFire  . . .     SeeInvis +       - Unarmed
rCold  . . .     Gourm    .     (armour unavailable)
rNeg   . . .     Faith    .     (shield unavailable)
rPois  .         Spirit   .     (helmet unavailable)
rElec  .         Dismiss  .     (cloak unavailable)
rCorr  .         Reflect  .     (gloves unavailable)
SustAt .         Harm     .     (boots unavailable)
MR     .....     NoTele   +     (no amulet)
Stlth  +++.......               n - +3 ring of strength
                                m - +2 ring of evasion

@: quick, not resistant to hostile enchantments, fairly stealthy
A: no armour, no weapons or thrown items, claws 1, fangs 3, see invisible,
carnivore 3, speed 1, shaggy fur 1, slow metabolism 1, sharp paws
a: Renounce Religion


You were in the Dungeon.
You worshipped Makhleb.
Makhleb was noncommittal.
You were not hungry.

You visited 1 branch

Inventory:

Jewellery
 m - a +2 ring of evasion (left paw)
 n - a +3 ring of strength (right paw)
Wands
 l - a wand of acid (7/15)
Scrolls
 h - 2 scrolls of blinking
 j - 3 scrolls of remove curse
 k - 2 scrolls of amnesia
Potions
 a - a potion of might
 c - 5 potions of curing
 d - 3 potions of heal wounds
 e - a potion of haste
 f - 4 potions of magic
 g - a potion of berserk rage
 i - a potion of invisibility
Comestibles
 b - a meat ration


   Skills:
 + Level 4.2 Fighting
 + Level 5.5 Dodging
 + Level 4.3 Stealth
 * Level 6.1 Unarmed Combat


You had 2 spell levels left.
You didn't know any spells.

Dungeon Overview and Level Annotations

Branches:
Dungeon (1/1)

Altars:
Cheibriados
Dithmenos
Elyvilon
Fedhas
Gozag
Hepliaklqana
Kikubaaqudgha
Makhleb
Nemelex Xobeh
Okawaru
Pakellas
Qazlal
Ru
Sif Muna
Trog
Uskayaw
Vehumet
Xom
Yredelemnul
Zin
The Shining One
Beogh
Jiyva
Lugonu


Innate Abilities, Weirdness & Mutations

You cannot wear armour.
You are incapable of wielding weapons or throwing items.
You have sharp claws.
You have razor-sharp teeth.
You have supernaturally acute eyesight. (SInv)
You are carnivorous and can eat meat at any time.
You cover ground quickly.
You are covered in fur. (AC +1)
You have a slow metabolism.
Your sharp claws are effective at attacking unaware monsters.


Message History

You barely miss the wraith.
The wraith is heavily damaged.
The wraith barely misses you.
You barely miss the wraith. You bite the wraith, but do no damage.
The wraith is heavily damaged.
The wraith closely misses you.
You closely miss the wraith. Your bite misses the wraith.
The wraith is heavily damaged.
The wraith completely misses you.
You claw the wraith!
The wraith is severely damaged.
The wraith misses you.
Unknown command.
You scratch the wraith.
The wraith is severely damaged.
You scratch the wraith but do no damage.
The wraith is severely damaged.
The wraith hits you!
Ouch! That really hurt!
You die...

▓.▓
▓|▓
▓)▓
▓[▓
▓[▓
▓[▓
▓.▓
▓.▓
▓@▓
▓W▓
▓Z▓
▓r▓
▓o▓
▓.▓
▓.▓
▓+▓


You could see a wraith, an orc warrior, a quokka and a bat skeleton.

Vanquished Creatures
  An orc wizard (D)
  An adder (D)
  2 dart slugs (D)
  A giant gecko (D)
  A bat skeleton (D)
  A bat zombie (D)
  2 giant cockroaches (D)
  A giant cockroach zombie (D)
  2 rats (D)
12 creatures vanquished.

Notes
Turn   | Place    | Note
-------+----------+-------------------------------------------
     0 | D        | Groucho the Felid Fighter began the quest for the Orb.
     0 | D        | Reached XP level 1. HP: 10/10 MP: 2/2
     5 | D        | Reached skill level 1 in Stealth
    15 | D        | Reached XP level 2. HP: 14/14 MP: 3/3
    26 | D        | Reached skill level 5 in Unarmed Combat
    41 | D        | Reached skill level 5 in Dodging
    41 | D        | Reached skill level 6 in Unarmed Combat
    41 | D        | Reached XP level 3. HP: 18/18 MP: 4/4
    47 | D        | Found a glowing silver altar of Zin.
    47 | D        | Found a glowing golden altar of the Shining One.
    47 | D        | Found an ancient bone altar of Kikubaaqudgha.
    47 | D        | Found a basalt altar of Yredelemnul.
    47 | D        | Found a shimmering altar of Xom.
    47 | D        | Found a radiant altar of Vehumet.
    48 | D        | Found an iron altar of Okawaru.
    49 | D        | Found a burning altar of Makhleb.
    50 | D        | Found a deep blue altar of Sif Muna.
    51 | D        | Found a bloodstained altar of Trog.
    52 | D        | Found a sparkling altar of Nemelex Xobeh.
    53 | D        | Found a white marble altar of Elyvilon.
    54 | D        | Found a roughly hewn altar of Beogh.
    55 | D        | Found a viscous altar of Jiyva.
    56 | D        | Found a corrupted altar of Lugonu.
    57 | D        | Became a worshipper of Makhleb the Destroyer
    58 | D        | Found a blossoming altar of Fedhas.
    59 | D        | Found a snail-covered altar of Cheibriados.
    60 | D        | Found a shadowy altar of Dithmenos.
    61 | D        | Found a stormy altar of Qazlal.
    62 | D        | Found an opulent altar of Gozag.
    63 | D        | Found a sacrificial altar of Ru.
    64 | D        | Found an oddly glowing altar of Pakellas.
    65 | D        | Found a hide-covered altar of Uskayaw.
    66 | D        | Found a hazy altar of Hepliaklqana.
    92 | D        | Noticed a wraith
    92 | D        | Noticed an orc warrior
   108 | D        | Slain by a wraith

Vault maps used:
D:        linesprint

Skill      XL: |  1  2 |
---------------+-------+-----
Stealth        | 2 4 |  4.3
Unarmed Combat | 6 |  6.1
Fighting       | 4 |  4.2
Dodging        | 5 |  5.5

Action                   || total
-------------------------++-------
Melee: Unarmed           ||    45
       Bite              ||     4
 Stab: Sleeping          ||     2
Armor: Skin              ||     1
Dodge: Dodged            ||    32
